 Dungeon Crawl Stone Soup version 0.28.0 (webtiles) character file.

Game seed: 12872210076671352866

2876 ProzacElf the Party-goer (level 9, -5/68 HPs)
             Began as a Demonspawn Fighter on Feb 18, 2022.
             Was an Initiate of Uskayaw.
             Killed from afar by an electric eel (6 damage)
             ... with a bolt of electricity
             ... on level 7 of the Dungeon.
             The game lasted 00:18:43 (8865 turns).

ProzacElf the Party-goer (Demonspawn Fighter)       Turns: 8865, Time: 00:18:44

Health: -5/68      AC: 20    Str: 20    XL:     9   Next: 48%
Magic:  16/16      EV: 14    Int: 10    God:    Uskayaw [......]
Gold:   284        SH:  4    Dex: 13    Spells: 8/8 levels left

rFire   . . .      SeeInvis .   a - +1 long sword
rCold   . . .      Faith    .   c - +0 buckler
rNeg    . . .      Spirit   .   q - +0 chain mail
rPois   .          Reflect  .   (no helmet)
rElec   .          Harm     .   y - +0 cloak
rCorr   .          Rampage  .   v - +2 pair of gloves
Will    .....                   (no boots)
Stlth   ..........              x - amulet of magic regeneration
HPRegen 0.21/turn               m - +4 ring of protection
MPRegen 0.55/turn               (no ring)

@: agile
A: claws 1, powered by pain 1, sharp scales 2
a: Renounce Religion


You were on level 7 of the Dungeon.
You worshipped Uskayaw.
Uskayaw was aware of your devotion.
You visited 1 branch of the dungeon, and saw 7 of its levels.
You also visited: Sewer.

You collected 312 gold pieces.
You spent 28 gold pieces at shops.

Inventory:

Hand Weapons
 a - a +1 long sword (weapon)
 w - a +0 hunting sling
 E - a +4 flail of protection
Missiles
 f - 81 arrows
 i - 81 sling bullets
 n - 203 stones (quivered)
Armour
 c - a +0 buckler (worn)
 q - a +0 chain mail (worn)
 v - a +2 pair of gloves (worn)
 y - a +0 cloak (worn)
Jewellery
 m - a +4 ring of protection (left hand)
 x - an amulet of magic regeneration (around neck)
 z - a ring of protection from fire
 A - the ring "Roclon" {Ice Str+4}
   (You found it on level 5 of the Dungeon)

   [ring of ice]

   It enhances your ice magic.
   Str:       It affects your strength (+4).
   rF:        It makes you vulnerable to fire.
   rC:        It protects you from cold.
Wands
 B - a wand of acid (20)
Scrolls
 b - a scroll of blinking
 j - a scroll of enchant weapon
 o - a scroll of magic mapping
 p - 4 scrolls of identify
 t - a scroll of teleportation
 u - a scroll of immolation
 D - a scroll of fear
Potions
 d - 3 potions of might
 g - a potion of lignification
 h - 5 potions of heal wounds
 k - 9 potions of flight
 l - a potion of cancellation
 r - a potion of haste
 s - 2 potions of magic
 C - a potion of brilliance
 F - a potion of mutation


   Skills:
 - Level 5.0 Fighting
 - Level 5.0 Long Blades
 - Level 5.0 Armour
 - Level 5.0 Dodging
 + Level 2.7 Stealth
 - Level 2.6 Shields
 - Level 10.0 Invocations
 + Level 2.6 Evocations


You had 8 spell levels left.
You didn't know any spells.
Your spell library contained the following spells:

 Spells                   Type           Power      Damage    Failure   Level
 Dazzling Flash           Conj/Hex       0%         N/A       100%        3
 Tukima's Dance           Hex            0%         N/A       100%        3
 Anguish                  Hex/Necr       0%         N/A       100%        4
 Iskenderun's Mystic Bla  Conj/Tloc      0%         2d3       100%        4
 Starburst                Conj/Fire      0%         6d3       100%        6
 Enfeeble                 Hex            0%         N/A       100%        7


Dungeon Overview and Level Annotations

Branches:
Dungeon (7/15)              Sewer (visited)
 Temple: D:4-7

Altars:
Uskayaw

Shops:
D:4 (


Innate Abilities, Weirdness & Mutations

You have sharp fingernails.
You sometimes gain a little power by taking damage.
You are mostly covered in razor-sharp scales. (AC +2, Slay +2)


Message History

Ye hear a splash.
Throw: 205 stones
Press: ? - help, Q - select action, (/) - cycle Shift-Dir - straight line, f/p - electric eel
Aim: an electric eel (severely wounded, 44% ta hit) Ye throw a stone.
Tha stone hits tha electric eel.
Tha electric eel be severely wounded.
Ye hear a splash.
Tha electric eel shoots out a bolt o' lightnin' at ye!
Tha bolt o' electricity hits ye!
Ye take 11 damage, an' haf 28/68 hp.
Throw: 204 stones
Press: ? - help, Q - select action, (/) - cycle Shift-Dir - straight line, f/p - electric eel
Aim: an electric eel (severely wounded, 44% ta hit) Ye throw a stone.
Tha stone closely misses tha electric eel.
Tha electric eel shoots out a bolt o' lightnin' at ye!
Tha bolt o' electricity hits ye.
Ye take 3 damage, an' haf 25/68 hp.
Tha electric eel shoots out a bolt o' lightnin' at ye!
Tha bolt o' electricity hits ye.
Ye take 2 damage, an' haf 23/68 hp.
Tha electric eel shoots out a bolt o' lightnin' at ye!
Tha bolt o' electricity hits ye!
* * * LOW HITPOINT WARNIN'
* * * Ye focus on tha pain.
Ye feel agile all o' a sudd'n.
Ye take 14 damage, an' haf 9/68 hp.
MASSIVE DAMAGE!!
Ye stomp wit tha beat, sendin' a shockwave through tha revellers around ye!
Ye kill tha electric eel!
Ye can nay longer stomp wit tha beat.
Tha electric eel shoots out a bolt o' lightnin' at ye!
Tha bolt o' electricity hits ye but does nay damage.
Ye now haf 13/16 mp.
Tha electric eel shoots out a bolt o' lightnin' at ye!
Tha bolt o' electricity hits ye!
* * * LOW HITPOINT WARNIN'
* * * Ye take 9 damage, an' haf 1/68 hp.
Tha electric eel shoots out a bolt o' lightnin' at ye!
Tha bolt o' electricity hits ye.
Ye die...

##≈≈≈((≈###.#.#####......#
......≈≈.................###
.......≈≈.........).........
...≈≈....≈....###.#.#....###
..≈..≈≈..≈....# #.#.#.#..#
..≈....≈≈....## #.#.#.#..#
...≈≈(.......# #.#.#.#..#
....(≈(......####........#
.≈≈....(...@......###.####
≈..≈(..(....####### #.#
≈....((.....# #.
.≈≈.........# ..≈≈........#
##≈≈≈≈≈S###.# # ##≈≈≈≈## ###
# #### ....... #######


You could see an electric eel.

Vanquished Creatures
  Grinder (D:3)
  Sigmund (D:5)
  Edmund (D:6)
  Duvessa (D:6)
  A black bear (D:4)
  2 ice beasts
  2 necrophages
  4 ogres
  3 phantoms
  A kobold brigand (D:6)
  2 bullfrogs (D:6)
  A wyvern zombie (D:7)
  Dowan (D:6)
  3 water moccasin skeletons
  A wight (D:7)
  An electric eel (D:7)
  A howler monkey (D:3)
  3 hounds
  An orc priest (D:5)
  2 centaur skeletons
  A jelly (D:7)
  2 bullfrog skeletons
  2 iguanas
  Terence (D:2)
  An orc wizard (D:5)
  A howler monkey zombie (D:5)
  4 gnolls (D:3)
  15 adders
  5 river rats (Sewer)
  An ufetubus (D:6)
  An adder skeleton (D:4)
  4 worms
  4 dart slugs
  9 orcs
  14 ball pythons
  10 bats
  7 endoplasms
  9 giant cockroaches
  12 goblins
  5 hobgoblins
  9 jackals
  15 kobolds
  4 quokkas
  6 frilled lizards
  A rat (D:2)
176 creatures vanquished.

Vanquished Creatures (others)
  A shadow imp (D:7)
  A plant (D:2)
2 creatures vanquished.

Grand Total: 178 creatures vanquished

Notes
Turn   | Place    | Note
-------+----------+-------------------------------------------
     0 | D:1      | ProzacElf the Demonspawn Fighter began the quest for the
                  | Orb.
     0 | D:1      | Reached XP level 1. HP: 18/18 MP: 1/1
   103 | D:1      | Found a faded altar of an unknown god.
   197 | D:1      | Prayed at the altar of an unknown god.
   197 | D:1      | Became a worshipper of Uskayaw the Reveller
   197 | D:1      | Reached * piety under Uskayaw
   330 | D:1      | Gained mutation: You have sharp fingernails. [demonic
                  | ancestry]
   330 | D:1      | Reached XP level 2. HP: 24/24 MP: 2/2
   355 | D:1      | Reached ** piety under Uskayaw
   568 | D:1      | Reached skill level 1 in Invocations
   995 | D:1      | Reached XP level 3. HP: 24/29 MP: 2/4
  1277 | D:2      | Reached skill level 2 in Invocations
  1521 | D:2      | Reached XP level 4. HP: 35/35 MP: 5/5
  1943 | D:2      | Noticed Terence
  1953 | D:2      | Killed Terence
  2141 | D:2      | Reached skill level 3 in Invocations
  2308 | D:3      | Noticed a necrophage
  2555 | D:2      | Gained mutation: You sometimes gain a little power by
                  | taking damage. [demonic ancestry]
  2555 | D:2      | Reached XP level 5. HP: 25/39 MP: 7/7
  2885 | D:3      | Killed a necrophage
  2886 | D:3      | Reached skill level 4 in Invocations
  2886 | D:3      | Gained mutation: You are partially covered in razor-sharp
                  | scales. (AC +1, Slay +1) [demonic ancestry]
  2886 | D:3      | Reached XP level 6. HP: 47/47 MP: 4/9
  2964 | D:3      | Found a glowing drain.
  2983 | Sewer    | Entered a sewer
  3268 | Sewer    | Reached *** piety under Uskayaw
  4143 | D:3      | Reached skill level 5 in Invocations
  4258 | D:3      | Noticed Grinder
  4259 | D:3      | Paralysed by Grinder for 3 turns
  4272 | D:3      | Killed Grinder
  4273 | D:3      | Reached skill level 5 in Armour
  4273 | D:3      | Gained mutation: You are mostly covered in razor-sharp
                  | scales. (AC +2, Slay +2) [demonic ancestry]
  4273 | D:3      | Reached XP level 7. HP: 52/52 MP: 0/11
  4474 | D:4      | Reached skill level 6 in Invocations
  4479 | D:4      | Reached skill level 5 in Long Blades
  4755 | D:4      | Reached skill level 7 in Invocations
  4866 | D:4      | Reached XP level 8. HP: 53/58 MP: 13/13
  4928 | D:4      | Reached skill level 8 in Invocations
  5016 | D:4      | Found Koschucin's Weapon Boutique.
  5026 | D:4      | Bought 5 poisoned darts for 28 gold pieces
  5117 | D:5      | Entered Level 5 of the Dungeon
  5241 | D:5      | Reached skill level 9 in Invocations
  5532 | D:5      | Reached skill level 10 in Invocations
  5567 | D:5      | Identified the ring "Roclon" {Ice Str+4}
  5629 | D:5      | Noticed Sigmund
  5643 | D:5      | Killed Sigmund
  5644 | D:5      | Reached skill level 1 in Dodging
  6774 | D:6      | Reached XP level 9. HP: 67/67 MP: 16/16
  6801 | D:6      | Noticed Dowan
  6802 | D:6      | Noticed Duvessa
  6810 | D:6      | Killed Duvessa
  6811 | D:6      | Reached skill level 5 in Fighting
  6862 | D:6      | Killed Dowan
  7067 | D:6      | Noticed Edmund
  7090 | D:6      | Killed Edmund
  7380 | D:6      | Reached **** piety under Uskayaw
  7381 | D:6      | Reached skill level 5 in Dodging
  7394 | D:6      | Reached skill level 1 in Stealth
  7394 | D:6      | Reached skill level 1 in Evocations
  7395 | D:6      | Reached ***** piety under Uskayaw
  8862 | D:7      | HP: 1/68 [electric eel/bolt of electricity (9)]
  8865 | D:7      | Killed from afar by an electric eel

Illustrated notes

Levels and vault maps discovered:
D:1:      roderic_dead_forest, layout_basic, basic_ecumenical_altar
D:2:      layout_rooms, amcnicky_mini_rare_corridor_liquid,
          minmay_shallow_snake_nest, uniq_terence
D:3:      layout_basic, cheibrodos_sewer_entry_bend, uniq_grinder
D:4:      layout_basic, serial_shops, nicolae_lakefront_shop
D:5:      layout_basic, enter_ossuary_2, nrook_mini_backslash,
          minmay_misc_feat_square, uniq_sigmund
D:6:      layout_basic, chequers_serial_rivers_large_b, minmay_quadrilaterals,
          uniq_edmund, uniq_duvessa
D:7:      cheibrodos_helix_gallery, layout_loops_corners, temple_doors_cd,
          serial_shops, shop_fountains

Skill      XL: |  1  2  3  4  5  6  7  8  9 |
---------------+----------------------------+-----
Long Blades    | 2 3 4 5 |  5.0
Armour         | 3 4 5 |  5.0
Invocations    | 1 2 3 4 5 7 10 | 10.0
Dodging        | 3 5 |  5.0
Fighting       | 4 5 |  5.0
Stealth        | 2 |  2.7
Evocations     | 2 |  2.6
Shields        | |  2.6

Action                   |  1- 3 |  4- 6 |  7- 9 || total
-------------------------+-------+-------+-------++-------
Melee: Long sword        |   112 |   258 |   318 ||   688
Throw: Dart              |       |       |    16 ||    16
       Stone             |       |       |    13 ||    13
Invok: Stomp             |     1 |     5 |     5 ||    11
Evoke: Wand              |       |       |     2 ||     2
  Use: Scroll            |       |     8 |     7 ||    15
       Potion            |       |       |     1 ||     1
 Stab: Paralysed         |       |       |     6 ||     6
Armor: Scale mail        |    60 |    35 |       ||    95
       Chain mail        |       |   199 |   253 ||   452
Dodge: Dodged            |    62 |   117 |   127 ||   306
Block: Buckler           |    31 |    73 |    53 ||   157
